 Dungeon Crawl Stone Soup version 0.27-a0-1187-ge80a49f48c (webtiles) character file.

Game seed: 7213450307070139848

620 dfsg the Digger (level 7, -6/36 HPs)
             Began as a Gargoyle Earth Elementalist on May 20, 2021.
             Mangled by Duvessa
             ... wielding a +0 short sword
              (9 damage)
             ... on level 4 of the Dungeon.
             The game lasted 00:07:56 (5375 turns).

dfsg the Digger (Gargoyle Earth Elementalist)       Turns: 5375, Time: 00:07:58

Health: -6/36      AC:  8    Str: 12    XL:     7   Next: 46%
Magic:  11/14      EV: 11    Int: 17    God:
Gold:   73         SH:  0    Dex: 10    Spells: 6/15 levels left

rFire    . . .     SeeInvis .   a - +2 dagger (venom)
rCold    . . .     Faith    .   (no shield)
rNeg     + . .     Spirit   .   c - +0 robe
rPois    ∞         Reflect  .   l - +1 helmet
rElec    +         Harm     .   (no cloak)
rCorr    .         Rampage  .   (no gloves)
Will     .....                  (no boots)
Stlth    ++........             (no amulet)
HPRegen  0.12/turn              e - ring of wizardry
MPRegen  0.14/turn              (no ring)

@: no status effects
A: sickness immunity, AC +4, negative energy resistance 1, electricity
resistance, torment resistance 1, petrification resistance
a: no special abilities


You were on level 4 of the Dungeon.
You visited 1 branch of the dungeon, and saw 4 of its levels.

You collected 123 gold pieces.
You spent 50 gold pieces at shops.

Inventory:

Hand Weapons
 a - a +2 dagger of venom (weapon)
 d - a +0 dagger
 m - a +0 mace
 o - a +0 flail
Missiles
 b - 64 stones
 f - a throwing net
Armour
 c - a +0 robe (worn)
 l - a +1 helmet (worn)
Jewellery
 e - a ring of wizardry (left hand)
 h - a ring of magical power
Wands
 k - a wand of acid (6)
Scrolls
 i - 2 scrolls of enchant armour
 n - 5 scrolls of identify
 r - a scroll of fear
Potions
 p - a potion of invisibility
 q - 2 potions of brilliance


   Skills:
 - Level 1.5 Dodging
 - Level 2.1 Stealth
 + Level 4.7 Spellcasting
 + Level 4.0 Conjurations
 - Level 0.7 Transmutations
 + Level 6.7 Earth Magic


You had 6 spell levels left.
You knew the following spells:

 Your Spells              Type           Power      Damage    Failure   Level
a - Sandblast             Erth           54%        2d13      1%          1
b - Stone Arrow           Conj/Erth      44%        3d9       1%          3
c - Lee's Rapid Deconstr  Erth           13%        3d10*     11%         5

Your spell library contained the following spells:

 Spells                   Type           Power      Damage    Failure   Level
 Passwall                 Tmut/Erth      13%        N/A       1%          2
 Petrify                  Tmut/Erth      16%        N/A       12%         4


Dungeon Overview and Level Annotations

Branches:
Dungeon (4/15)
 Temple: D:4-7

Altars:
Wu Jian

Shops:
D:1 ?

Annotations:
D:4 Duvessa


Innate Abilities, Weirdness & Mutations

You are immune to sickness and miasma.
Your stone body is resilient. (AC +4)
You are immune to poison.
You resist negative energy. (rN+)
You are resistant to electric shocks. (rElec)
You are resistant to unholy torment.
You are immune to petrification.


Message History

Duvessa goes berserk!
Aiming: Corrosive Bolt
Press: ? - help, Shift-Dir - straight line, f - Duvessa
Aim: Duvessa, wielding a +0 short sword and wearing a +0 leather armour (berserk, 75% to hit)
The bolt of acid hits Duvessa.
Duvessa is splashed with acid!
The acid corrodes Duvessa!
Duvessa is moderately wounded.
Duvessa hits you with a +0 short sword.
Unknown command.
Aiming: Corrosive Bolt
Press: ? - help, Shift-Dir - straight line, f/p - Duvessa
Aim: Duvessa, wielding a +0 short sword and wearing a +0 leather armour (moderately wounded, berserk, covered in acid, 75% to hit)
The bolt of acid misses Duvessa.
Duvessa hits you with a +0 short sword.
A kobold comes into view. It is wielding a +0 short sword.
Duvessa hits you with a +0 short sword!
Unknown command.
Aiming: Corrosive Bolt
Press: ? - help, Shift-Dir - straight line, f/p - Duvessa
Aim: Duvessa, wielding a +0 short sword and wearing a +0 leather armour (moderately wounded, berserk, covered in acid, 75% to hit)
The bolt of acid hits Duvessa!
Duvessa is splashed with acid!
Duvessa seems to be corroded for longer.
Duvessa is severely wounded.
Duvessa hits you with a +0 short sword!
* * * LOW HITPOINT WARNING * * *
Unknown command.
You feel much better.
Duvessa hits you with a +0 short sword!!
Ouch! That really hurt!
Duvessa hits you with a +0 short sword!
* * * LOW HITPOINT WARNING * * *
Unknown command.
Casting: Sandblast (safe; 1% risk of failure)
Confirm with . or Enter, or press ? or * to list all spells.
Aiming: Stone Arrow (safe; 1% risk of failure)
Press: ? - help, Shift-Dir - straight line, f/p - Duvessa
Aim: Duvessa, wielding a +0 short sword and wearing a +0 leather armour (severely wounded, berserk, covered in acid, 75% to hit)
The stone arrow hits Duvessa!
Duvessa is almost dead.
Duvessa hits you with a +0 short sword!
You die...

#..........####...#
#..####>....#
#..........#
#..)###.....##....#
#..........#
##..#.))###...>##.#
#..........###
#..#..## #.......#
#............###..#..#
#.####...
############...#.....#
#..# #### ###.....#.#
#.## # ##..#.#.# .. #
##@#.#.##.#
#..e..#.... #........#
#.....#.#....
#....##.####. #..K# .#
.... # .##.. #


You could see Duvessa (berserk, corroded) and a kobold.

Vanquished Creatures
  A necrophage (D:3)
  A phantom (D:4)
  A scorpion (D:4)
  Dowan (D:4)
  2 orc priests (D:4)
  A gnoll shaman (D:4)
  An iguana (D:4)
  2 orc wizards (D:4)
  4 gnolls (D:4)
  5 adders
  An adder skeleton (D:4)
  3 dart slugs
  15 orcs
  7 ball pythons
  10 bats
  5 endoplasms
  4 giant cockroaches
  7 hobgoblins
  5 jackals (D:1)
  6 kobolds
  3 quokkas
  3 frilled lizards
  6 goblins
  2 rats
96 creatures vanquished.

Notes
Turn   | Place    | Note
-------+----------+-------------------------------------------
     0 | D:1      | dfsg the Gargoyle Earth Elementalist began the quest for
                  | the Orb.
     0 | D:1      | Reached XP level 1. HP: 10/10 MP: 3/3
   224 | D:1      | Reached skill level 4 in Earth Magic
   224 | D:1      | Reached XP level 2. HP: 15/15 MP: 0/5
   837 | D:1      | Reached XP level 3. HP: 14/19 MP: 6/6
  1107 | D:1      | Found Geomoteb's Magic Scroll Emporium.
  1110 | D:1      | Bought a scroll of noise for 10 gold pieces
  1110 | D:1      | Bought a scroll of identify for 20 gold pieces
  1112 | D:1      | Bought a scroll of identify for 20 gold pieces
  1485 | D:1      | Found a faded altar of an unknown god.
  2043 | D:2      | Reached XP level 4. HP: 2/24 MP: 3/8
  2322 | D:2      | Learned a level 3 spell: Stone Arrow
  3141 | D:3      | Reached skill level 5 in Earth Magic
  3254 | D:3      | Noticed a necrophage
  3260 | D:3      | Killed a necrophage
  3261 | D:3      | Reached skill level 1 in Conjurations
  3261 | D:3      | Reached XP level 5. HP: 28/28 MP: 4/10
  3267 | D:3      | Learned a level 5 spell: Lee's Rapid Deconstruction
  3500 | D:3      | Found an ornate altar of the Wu Jian Council.
  4166 | D:4      | Noticed Dowan
  4320 | D:4      | Reached XP level 6. HP: 29/32 MP: 2/11
  4656 | D:4      | Reached skill level 6 in Earth Magic
  5035 | D:4      | Reached XP level 7. HP: 24/36 MP: 11/13
  5200 | D:4      | Killed Dowan
  5369 | D:4      | Noticed Duvessa
  5375 | D:4      | Mangled by Duvessa

Illustrated notes

Levels and vault maps discovered:
D:1:      mrwooster_arrival_statue_3, layout_basic,
          shapermc_ecumenical_altar_hornbeckon, serial_shops,
          nicolae_shop_window_shopping, hex_large
D:2:      layout_basic, kennysheep_generic_room_6
D:3:      layout_basic, nzn_wu_jian_contemplation
D:4:      layout_rooms, serial_curves, eino_curves_01, eino_curves_03,
          uniq_duvessa

Skill      XL: |  1  2  3  4  5  6  7 |
---------------+----------------------+-----
Earth Magic    | 4 5 6 |  6.7
Spellcasting   | 3 4 |  4.7
Conjurations   | 1 2 3 4 |  4.0
Dodging        | |  1.5
Stealth        | |  2.1
Transmutations | |  0.7

Action                   |  1- 3 |  4- 6 |  7- 9 || total
-------------------------+-------+-------+-------++-------
Melee: Unarmed           |    20 |       |       ||    20
       Dagger            |   140 |    97 |    14 ||   251
       Flail             |       |    32 |       ||    32
 Cast: Sandblast         |    18 |    48 |     8 ||    74
       Stone Arrow       |       |     7 |     1 ||     8
Evoke: Wand              |       |     1 |     3 ||     4
  Use: Scroll            |     3 |     8 |       ||    11
       Potion            |       |     1 |     1 ||     2
 Stab: Sleeping          |     3 |     2 |       ||     5
Armor: Robe              |    82 |    78 |     6 ||   166
Dodge: Dodged            |    93 |    90 |     7 ||   190

Table legend: (Time is in decaauts)
 A = Elapsed time spent in this place.
 B = Non-inter-level travel time spent in this place.
 C = Inter-level travel time spent in this place.
 D = Time resting spent in this place.
 E = Time spent auto-exploring this place.
 F = Levels seen in this place.
 G = Mean time per level.
                   A        B        C        D        E       F      G
               +--------+--------+--------+--------+--------+-----+--------+
         Total |   5394 |   5243 |    151 |    706 |   3691 |   4 | 1348.5 |
       Dungeon |   5394 |   5243 |    151 |    706 |   3691 |   4 | 1348.5 |
               +--------+--------+--------+--------+--------+-----+--------+

Top non-repeatable levels by time:
     D:1: 1525 daAuts
     D:3: 1490 daAuts
     D:2: 1465 daAuts
     D:4: 913 daAuts
